 Dungeon Crawl Stone Soup version 0.28-a0-239-g68911e0c57 (webtiles) character file.

Game seed: 11418351988397396303

123 Conn the Firebug (level 5, -5/32 HPs)
             Began as an Octopode Fire Elementalist on Aug 23, 2021.
             Killed by divine providence
             ... invoked by an orc priest
              (16 damage)
             ... on level 4 of the Dungeon.
             The game lasted 00:06:13 (3517 turns).

Conn the Firebug (Octopode Fire Elementalist)       Turns: 3517, Time: 00:06:14

Health: -5/32      AC:  1    Str:  8    XL:     5   Next: 7%
Magic:  6/9        EV: 17    Int: 18    God:
Gold:   124        SH:  0    Dex: 12    Spells: 6/10 levels left

rFire   . . .      SeeInvis .   a - +0 dagger
rCold   . . .      Faith    .   (no shield)
rNeg    . . .      Spirit   .   (helmet restricted)
rPois   .          Reflect  .   g - amulet of the acrobat
rElec   .          Harm     .   m - +4 ring of evasion
rCorr   .          Rampage  .   (no ring)
Will    .....                   (no ring)
Stlth   +++.......              (no ring)
HPRegen 0.10/turn               (no ring)
MPRegen 0.11/turn               (no ring)
                                (no ring)
                                (no ring)

@: no status effects
A: almost no armour, amphibious, 8 rings, camouflage 1, gelatinous body 1,
(nimble swimmer 1), tentacles
a: no special abilities


You were on level 4 of the Dungeon.
You visited 1 branch of the dungeon, and saw 4 of its levels.

You collected 124 gold pieces.

Inventory:

Hand Weapons
 a - a +0 dagger (weapon)
Jewellery
 g - an amulet of the acrobat (around mantle)
 m - a +4 ring of evasion (left tentacle)
Wands
 k - a wand of flame (21)
Scrolls
 b - a scroll of fog
 c - a scroll of blinking
 e - a scroll of vulnerability {unknown}
 h - a scroll of torment
 i - a scroll of teleportation
Potions
 d - a potion of heal wounds
 f - 2 potions of curing
 j - a potion of haste
 l - 2 potions of degeneration {unknown}


   Skills:
 + Level 0.5 Fighting
 + Level 0.2 Short Blades
 + Level 2.1 Dodging
 + Level 3.2 Stealth
 + Level 3.0 Spellcasting
 + Level 2.0 Conjurations
 + Level 4.1 Fire Magic


You had 6 spell levels left.
You knew the following spells:

 Your Spells              Type           Power      Damage    Failure   Level
a - Foxfire               Conj/Fire      52%        2x1d6     4%          1
b - Conjure Flame         Conj/Fire      13%        6-21      14%         3

Your spell library contained the following spells:

 Spells                   Type           Power      Damage    Failure   Level
 Animate Skeleton         Necr           4%         N/A       16%         1
 Apportation              Tloc           4%         N/A       16%         1
 Corona                   Hex            2%         N/A       16%         1
 Summon Small Mammal      Summ           8%         N/A       16%         1
 Inner Flame              Hex/Fire       10%        N/A       21%         3
 Sticky Flame             Conj/Fire      13%        2d4       41%         4
 Fireball                 Conj/Fire      6%         3d5       77%         5


Dungeon Overview and Level Annotations

Branches:
Dungeon (4/15)
 Temple: D:4-7

Altars:

Shops:
D:4 (


Innate Abilities, Weirdness & Mutations

You cannot wear most types of armour.
You are amphibious.
You can wear up to eight rings at the same time.
Your skin changes colour to match your surroundings (Stealth+).
Your rubbery body absorbs attacks. (AC +1, EV +1)
((You are camouflaged near water. (Stealth+)))
You have tentacles for arms and can constrict up to eight enemies at once.


Message History

There is a stone staircase leading down here.
You start resting.
Magic restored.
You climb downwards.
The orc priest looks satisfied for a moment.
There is a stone staircase leading up here.
Casting: Foxfire (safe; 4% risk of failure)
Confirm with . or Enter, or press ? or * to list all spells.
You conjure some foxfire!
Your foxfire is smitten.
You hear a shout!
Unknown command.
Casting: Foxfire (safe; 4% risk of failure)
Confirm with . or Enter, or press ? or * to list all spells.
You conjure some foxfire!
The foxfire hits the orc priest.
The orc priest is lightly wounded.
The foxfire hits the orc priest.
The orc priest is moderately wounded.
Unknown command.
Casting: Foxfire (safe; 4% risk of failure)
Confirm with . or Enter, or press ? or * to list all spells.
You conjure some foxfire!
The foxfire hits the orc priest.
The orc priest is heavily wounded.
The foxfire hits the orc priest but does no damage.
The orc priest is heavily wounded.
The orc priest mumbles some strange prayers to Beogh against you.
Pain shoots through your body!
You barely miss the orc priest. Your grab misses the orc priest.
The orc priest is heavily wounded.
The foxfire hits the orc priest.
The orc priest is severely wounded.
The foxfire hits the orc priest but does no damage.
The orc priest is severely wounded.
The orc priest mumbles some strange prayers to Beogh against you.
Beogh smites you!
The orc priest shouts!
The orc priest mumbles some strange prayers to Beogh against you.
Beogh smites you!
Ouch! That really hurt!
You die...

#.#
#######.#####
...ooo.oo<..#
#.#.###.###.#
# ###.# #
#.#.o§#
#.#.###
#..o.# #..@.#
#..§.#
#.≈≈≈....
#≈≈≈≈≈.....
#...∩≈≈....##
#.≈≈≈≈≈.####
....≈≈≈..#
#####....#


You could see 2 orc priests.

Vanquished Creatures
  3 gnolls (D:2)
  2 adders
  8 orcs
  6 bats
  8 endoplasms
  4 giant cockroaches
  8 goblins
  3 hobgoblins (D:2)
  2 quokkas
  8 ball pythons
  3 frilled lizards
  4 kobolds
  4 rats
63 creatures vanquished.

Vanquished Creatures (collateral kills)
  4 foxfires (D:4)
4 creatures vanquished.

Vanquished Creatures (others)
  195 foxfires
195 creatures vanquished.

Grand Total: 262 creatures vanquished

Notes
Turn   | Place    | Note
-------+----------+-------------------------------------------
     0 | D:1      | Conn the Octopode Fire Elementalist began the quest for the
                  | Orb.
     0 | D:1      | Reached XP level 1. HP: 11/11 MP: 3/3
   157 | D:1      | Reached XP level 2. HP: 17/17 MP: 1/5
  1072 | D:2      | Reached XP level 3. HP: 18/21 MP: 2/6
  1079 | D:2      | Found a faded altar of an unknown god.
  1172 | D:2      | Learned a level 3 spell: Conjure Flame
  1559 | D:2      | Reached skill level 4 in Fire Magic
  1559 | D:2      | Reached XP level 4. HP: 27/27 MP: 3/7
  2853 | D:3      | Reached XP level 5. HP: 32/32 MP: 6/9
  3420 | D:4      | Found Guukhyxu's Weapon Shop.
  3517 | D:4      | Killed from afar by an orc priest

Illustrated notes

Levels and vault maps discovered:
D:1:      amcnicky_arrival_feature_with_door, layout_basic, minmay_hexomino_c4
D:2:      layout_rooms, shapermc_ecumenical_altar_starsandcircs
D:3:      layout_loops_ring
D:4:      layout_loops_ring, serial_shops, nicolae_square_shop, shop,
          nicolae_shop_crystal, nicolae_take_the_stairs,
          nicolae_shop_waterfront, st_stairs_6, minmay_pentangle

Skill      XL: |  1  2  3  4  5 |
---------------+----------------+-----
Stealth        | 3 |  3.2
Fire Magic     | 4 |  4.1
Spellcasting   | 3 |  3.0
Conjurations   | 2 |  2.0
Fighting       | |  0.5
Short Blades   | |  0.2
Dodging        | |  2.1

Action                   |  1- 3 |  4- 6 || total
-------------------------+-------+-------++-------
Melee: Constrict         |     4 |     8 ||    12
       Unarmed           |     1 |       ||     1
       Dagger            |    12 |    45 ||    57
       Tentacles         |     1 |     4 ||     5
 Cast: Foxfire           |    54 |    59 ||   113
  Use: Scroll            |       |     7 ||     7
 Stab: Sleeping          |     1 |     5 ||     6
Armor: Skin              |     1 |     1 ||     2
Dodge: Dodged            |     7 |    22 ||    29

Table legend: (Time is in decaauts)
 A = Elapsed time spent in this place.
 B = Non-inter-level travel time spent in this place.
 C = Inter-level travel time spent in this place.
 D = Time resting spent in this place.
 E = Time spent auto-exploring this place.
 F = Levels seen in this place.
 G = Mean time per level.
                   A        B        C        D        E       F      G
               +--------+--------+--------+--------+--------+-----+--------+
         Total |   3518 |   3487 |     31 |    389 |   2277 |   4 |  879.5 |
       Dungeon |   3518 |   3487 |     31 |    389 |   2277 |   4 |  879.5 |
               +--------+--------+--------+--------+--------+-----+--------+

Top non-repeatable levels by time:
     D:3: 1564 daAuts
     D:1: 986 daAuts
     D:2: 929 daAuts
     D:4: 37 daAuts
